 Dungeon Crawl Stone Soup version 0.22-a0-553-g9358b0b (webtiles) character file.

982 inc the Chiller (level 8, 0/46 HPs)
             Began as an Octopode Ice Elementalist on June 25, 2018.
             Killed from afar by a gargoyle (24 damage)
             ... with a stone arrow
             ... on level 5 of the Dungeon.
             The game lasted 00:11:24 (6909 turns).

inc the Chiller (Octopode Ice Elementalist)         Turns: 6909, Time: 00:11:25

Health: 0/46       AC:  1    Str:  8    XL:     8   Next: 17%
Magic:  4/11       EV: 13    Int: 19    God:
Gold:   285        SH:  3    Dex: 15    Spells: 3/11 levels left

rFire    . . .     SeeInvis .   u - +1 whip (freeze)
rCold    + . .     Gourm    .   q - +0 buckler
rNeg     . . .     Faith    .   (helmet restricted)
rPois    .         Spirit   .   (no amulet)
rElec    .         Reflect  .   l - ring of protection from cold
rCorr    .         Harm     .   r - +3 ring of dexterity
MR       .....                  (no ring)
Stlth    +++.......             (no ring)
HPRegen  0.15/turn              (no ring)
MPRegen  0.12/turn              (no ring)
                                (no ring)
                                (no ring)

@: no status effects
A: almost no armour, stealthy swim, amphibious, 8 rings, constrict 8, camouflage
1, gelatinous body 1
a: no special abilities


You were on level 5 of the Dungeon.
You were hungry.

You visited 1 branch of the dungeon, and saw 5 of its levels.

You collected 285 gold pieces.

Inventory:

Hand Weapons
 d - a +0 whip
 f - a +1 falchion of slicing
 g - a +0 short sword
 u - a +1 whip of freezing (weapon)
Armour
 q - a +0 buckler (worn)
Jewellery
 i - an uncursed ring of ice
 l - a ring of protection from cold (left tentacle)
 r - a +3 ring of dexterity (right tentacle)
Wands
 j - a wand of flame (21)
Scrolls
 a - 2 scrolls of teleportation {unknown}
 c - a scroll of remove curse {unknown}
 e - a scroll of random uselessness {unknown}
 k - a scroll of fear {unknown}
 m - a scroll of fog {unknown}
 w - a scroll of blinking {unknown}
Potions
 n - 3 potions of curing
 o - a potion of flight {unknown}
 p - 2 potions of brilliance
 s - a potion of resistance {unknown}
 t - a potion of berserk rage {unknown}
 v - a potion of mutation {unknown}
Comestibles
 b - 7 rations


   Skills:
 - Level 2.0 Dodging
 - Level 2.6 Stealth
 - Level 2.0 Spellcasting
   Level 1.0 Conjurations
 + Level 6.1 Summonings
 - Level 7.3 Ice Magic


You had 3 spell levels left.
You knew the following spells:

 Your Spells              Type           Power        Failure   Level  Hunger
a - Freeze                Ice            ####         1%          1    #......
b - Ozocubu's Armour      Chrm/Ice       ###.....     19%         3    ###....
c - Summon Ice Beast      Ice/Summ       ####....     17%         4    #####..

Your spell library contained the following spells:

 Spells                   Type           Power        Failure   Level  Hunger
 Throw Frost              Conj/Ice       ###...       8%          2    ###....
 Throw Icicle             Conj/Ice       ###.....     45%         4    #####..


Dungeon Overview and Level Annotations

Branches:
Dungeon (5/15)             Temple (0/1) D:5

Altars:
Dithmenos
Kikubaaqudgha
Sif Muna
Uskayaw
Wu Jian


Innate Abilities, Weirdness & Mutations

You cannot wear most types of armour.
You are very stealthy in the water. (Stealth+)
You are amphibious.
You can wear up to eight rings at the same time.
You can use your tentacles to constrict eight enemies at once.
Your skin changes colour to match your surroundings (Stealth+).
Your rubbery body absorbs attacks. (AC +1, EV +1)


Message History

Your ice beast freezes the ogre!
The ogre dies!
Your Summonings skill increases to level 6!
You swap places.
The gargoyle hits you with a mace!
Things that are here:
a giant spiked club; an ogre corpse; an adder corpse The gargoyle hurls a stone arrow at you.
The stone arrow misses you. The gargoyle hits you with a mace.
Your ice beast hits the gargoyle but does no damage.
Your ice beast hits the gargoyle but does no damage.
Casting: Summon Ice Beast (slightly dangerous; 17% risk of failure)
Confirm with . or Enter, or press ? or * to list all spells.
A chill wind blows around you.
You are feeling hungry.
The gargoyle hurls a stone arrow at you.
The stone arrow hits you!
Ouch! That really hurt!
You die...

***,* #.##*##........####
*,,****#..####..........†#*
*,,,,,,#.....#.####..###..#**
*,***,##.##.##.# #..# ##...#
**,,#.........#)# #..# *##.#*
*,.............Y# #..# *...
*,###..⌠...⌠.Y#.## ##.# **##
*,**#.........#9.# #<# *
***,*......>....@..# #.#
,,,,#.#.........##.#**#.#
,,,*..#..⌠...⌠.$#,...*###
,,,*,,,,,[......,,#..#*
,,,,,,*,,.?.....***...#*
,,,**,**,##.##.#* *##..#
,,,**,,,,...,..* *###
,,,******##**##* ,,,*


You could see a gargoyle and 2 friendly ice beasts.

Vanquished Creatures
  A phantom (D:4)
  2 ogres
  A crimson imp (D:5)
  A hound (D:4)
  An orc priest (D:3)
  Jessica (D:2)
  3 iguanas
  A worker ant (D:4)
  Terence (D:3)
  3 orc wizards
  9 adders
  A shadow imp (D:5)
  2 oozes
  An adder skeleton (D:4)
  5 worms
  A dart slug (D:1)
  A leopard gecko (D:1)
  13 orcs
  3 giant cockroaches
  14 goblins
  9 hobgoblins
  6 jackals
  2 quokkas (D:2)
  9 bats
  6 frilled lizards
  15 kobolds
  A leopard gecko skeleton (D:4)
  11 rats
124 creatures vanquished.

Vanquished Creatures (collateral kills)
  2 ogres
  A scorpion (D:4)
  An orc priest (D:4)
  An orc wizard (D:4)
  2 adders
  A leopard gecko (D:4)
8 creatures vanquished.

Vanquished Creatures (others)
  4 fungi (D:4)
  13 toadstools
17 creatures vanquished.

Grand Total: 149 creatures vanquished

Notes
Turn   | Place    | Note
-------+----------+-------------------------------------------
     0 | D:1      | inc the Octopode Ice Elementalist began the quest for the Orb.
     0 | D:1      | Reached XP level 1. HP: 11/11 MP: 3/3
   328 | D:1      | Reached XP level 2. HP: 17/17 MP: 1/5
   808 | D:1      | Reached skill level 4 in Ice Magic
   942 | D:1      | Reached XP level 3. HP: 21/21 MP: 6/6
  1423 | D:2      | Reached XP level 4. HP: 20/27 MP: 1/7
  1505 | D:2      | Reached skill level 5 in Ice Magic
  2151 | D:2      | Reached XP level 5. HP: 27/31 MP: 5/8
  2215 | D:2      | Noticed Jessica
  2222 | D:2      | Killed Jessica
  2424 | D:3      | Found an ancient bone altar of Kikubaaqudgha.
  2601 | D:3      | Found a deep blue altar of Sif Muna.
  2630 | D:3      | Reached skill level 6 in Ice Magic
  2929 | D:3      | Reached XP level 6. HP: 19/36 MP: 5/9
  3145 | D:3      | Found a shadowy altar of Dithmenos.
  3225 | D:3      | Noticed Terence
  3659 | D:3      | Killed Terence
  3922 | D:4      | Reached skill level 7 in Ice Magic
  4269 | D:4      | Noticed a phantom
  4310 | D:4      | HP: 1/36 [iguana (12)]
  4948 | D:5      | Entered Level 5 of the Dungeon
  4955 | D:5      | Found a hide-covered altar of Uskayaw.
  4967 | D:5      | Found a staircase to the Ecumenical Temple.
  4986 | D:4      | Learned a level 3 spell: Ozocubu's Armour
  4991 | D:4      | Learned a level 4 spell: Summon Ice Beast
  5031 | D:4      | Killed a phantom
  5031 | D:4      | Reached XP level 7. HP: 17/41 MP: 7/10
  5546 | D:4      | Found an ornate altar of the Wu Jian Council.
  6130 | D:4      | Reached skill level 5 in Summonings
  6449 | D:3      | Reached XP level 8. HP: 5/46 MP: 4/11
  6894 | D:5      | Noticed a gargoyle
  6909 | D:5      | Killed from afar by a gargoyle

Vault maps used:
D:1:      ldierk_walled_garden_2, serial_bayou_crossing
D:2:      first_ration, uniq_jessica
D:3:      nicolae_overflow_crystal_walls, lemuel_doored_altar,
          kiku_gazebo_garden_becter, uniq_terence
D:4:      cheibrodos_fertilizer, lemuel_crystal_altar, grunt_ministairs_11,
          minmay_stone_trees_medium
D:5:      overflow_temple_1_default, minmay_temple_entry_large_hall,
          minivault_26, minmay_misc_feat_tiny

Skill      XL: |  1  2  3  4  5  6  7  8 |
---------------+-------------------------+-----
Ice Magic      | 4 5 6 7 |  7.3
Summonings     | 2 5 6 |  6.1
Dodging        | |  2.0
Stealth        | |  2.6
Spellcasting   | |  2.0
Conjurations   | |  1.0

Action                   |  1- 3 |  4- 6 |  7- 9 || total
-------------------------+-------+-------+-------++-------
Melee: Unarmed           |    34 |     6 |       ||    40
       Constrict         |    16 |    30 |    21 ||    67
       Tentacles         |     6 |    27 |    15 ||    48
       Whip              |    26 |       |    58 ||    84
       Short sword       |    14 |   108 |       ||   122
       Falchion          |       |    13 |    24 ||    37
 Cast: Freeze            |     9 |    45 |     2 ||    56
       Ozocubu's Armour  |       |     1 |     3 ||     4
       Summon Ice Beast  |       |       |     5 ||     5
  Use: Potion            |       |     4 |     1 ||     5
       Scroll            |       |     3 |       ||     3
 Stab: Sleeping          |    14 |     6 |     4 ||    24
       Distracted        |       |       |     1 ||     1
  Eat: Chunk             |     1 |     8 |     2 ||    11
       Ration            |       |     1 |     2 ||     3
Armor: Skin              |     4 |    22 |     8 ||    34
Dodge: Dodged            |    40 |    80 |    60 ||   180
Block: Buckler           |       |    19 |    22 ||    41
       Rpst.: Falchion   |       |     3 |     5 ||     8

Table legend:
 A = Spawn XP
 B = Non-spawn XP
 C = Spawn XP percentage of total XP
 D = Spawn monster count
 E = Non-spawn monster count
 F = Spawn count percentage of total count
 G = Total turns spent on level
                    A         B        C        D         E        F      G
               +---------+---------+-------+---------+---------+-------+---------
         Total |       0 |    1404 |   0.0 |       0 |     132 |   0.0 |  6909
               +---------+---------+-------+---------+---------+-------+---------
           D:1 |       0 |      56 |   0.0 |       0 |      33 |   0.0 |  1412
           D:2 |       0 |     156 |   0.0 |       0 |      31 |   0.0 |  1135
           D:3 |       0 |     253 |   0.0 |       0 |      24 |   0.0 |  2257
           D:4 |       0 |     774 |   0.0 |       0 |      39 |   0.0 |  1897
           D:5 |       0 |     165 |   0.0 |       0 |       5 |   0.0 |   208
               +---------+---------+-------+---------+---------+-------+---------
